 Dungeon Crawl Stone Soup version 0.17-a0-1497-g03599f7 (webtiles) character file.

3466 Goblin1989 the Basher (level 9, -13/112 HPs)
             Began as a Deep Dwarf Berserker on July 6, 2015.
             Was a High Priest of Trog.
             Killed from afar by Urug (20 damage)
             ... with a wand of lightning
             ... on level 1 of the Lair of Beasts.
             The game lasted 00:34:14 (6901 turns).

Goblin1989 the Basher (Deep Dwarf Berserker)        Turns: 6901, Time: 00:34:14

Health: -13/112    AC: 11    Str: 29    XL:     9   Next: 78%
Magic:  15/15      EV: 15    Int:  8    God:    Trog [*****.]
Gold:   367        SH:  0    Dex: 12    Spells: 0 memorised, 8 levels left

rFire  + . .     SeeInvis .     o - +2 whip (venom)
rCold  + . .     Clarity  .     F - +2 ring mail {rC+}
rNeg   . . .     SustAt   .     (no shield)
rPois  .         Gourm    .     x - +2 hat
rElec  .         Spirit   .     t - +0 cloak
rCorr  .         Warding  .     (no gloves)
rMut   .         Stasis   .     y - +0 pair of boots
MR     +++..                    (no amulet)
Stlth  ..........               h - +4 ring of evasion
                                j - ring of protection from fire

@: berserking, non-regenerating, very quick, extremely resistant to hostile
enchantments, extremely unstealthy
A: damage resistance, recharge devices, sense surroundings 2, slow healing 3
a: Device Recharging, Burn Spellbooks, Berserk, Trog's Hand, Brothers in Arms,
Renounce Religion


You were on level 1 of the Lair of Beasts.
You worshipped Trog.
Trog was extremely pleased with you.
You were very hungry.

You visited 3 branches of the dungeon, and saw 10 of its levels.

You collected 463 gold pieces.
You spent 96 gold pieces at shops.

Inventory:

Hand weapons
 o - a +2 whip of venom (weapon)
Missiles
 l - 36 bolts (quivered)
 m - 15 silver bolts
Armour
 n - a +0 chain mail
 t - a +0 cloak (worn)
 x - a +2 hat (worn)
 y - a +0 pair of boots (worn)
 F - a +2 ring mail of cold resistance (worn)
Jewellery
 h - a +4 ring of evasion (right hand)
 j - a ring of protection from fire (left hand)
 E - a cursed ring of loudness {unknown}
Magical devices
 c - a wand of heal wounds (0)
 e - a wand of flame (22)
 p - a wand of digging (7)
 v - a wand of disintegration (18)
Scrolls
 i - a scroll of fear {unknown}
 k - 3 scrolls of amnesia
 r - 7 scrolls of remove curse
 w - 5 scrolls of identify {unknown}
 A - 4 scrolls of recharging {unknown}
 C - a scroll of noise {unknown}
Potions
 a - 2 potions of berserk rage {unknown}
 b - 4 potions of flight {unknown}
 f - 5 potions of curing {unknown}
 g - a potion of haste {unknown}
 q - a potion of invisibility {unknown}
 s - 3 potions of poison {unknown}
 z - 2 potions of magic {unknown}
 B - a potion of agility {unknown}
 D - a potion of heal wounds {unknown}
Comestibles
 d - 8 bread rations
 u - 4 meat rations


   Skills:
 * Level 3.0 Fighting
 - Level 12.4 Maces & Flails
 - Level 2.1 Armour
 - Level 2.1 Dodging
 + Level 8.1 Evocations


You had 8 spell levels left.
You didn't know any spells.

Dungeon Overview and Level Annotations

Branches:
Dungeon (8/15)             Temple (1/1) D:6            Lair (1/8) D:8

Altars:
Ashenzari
Cheibriados
Dithmenos
Elyvilon
Fedhas
Gozag
Kikubaaqudgha
Makhleb
Nemelex Xobeh
Okawaru
Qazlal
Ru
Sif Muna
Trog
Vehumet
Xom
Yredelemnul
Zin
The Shining One

Shops:
D:5 [   D:8 [:*

Annotations:
Lair:1 Grum, Urug


Innate Abilities, Weirdness & Mutations

You are resistant to damage.
You can recharge devices by infusing magical energy.
You passively map the area around you.
You do not heal naturally.


Message History

Urug is heavily wounded.
You hit Urug.
Urug is severely wounded.
Urug hits you with a battleaxe of flaming!
* * * LOW HITPOINT WARNING * * *
Urug burns you.
* * * LOW HITPOINT WARNING * * *
Grum the Hunter comes into view.
He is wielding a glaive.
Grum growls angrily.
You whack Urug!
Urug looks even sicker.
Urug is severely wounded.
You barely miss Urug.
Urug is severely wounded.
Unknown command.
You hit Urug.
Urug is severely wounded.
You hit Urug.
Urug is almost dead.
Urug zaps a wand.
The bolt of lightning hits you!
You die...

* *#.. ...#
#..##........ +
...
###.....#######
, , ,, ,*
#.....### *
,###.#.#.# , ,
,,+...#(### , *
, ####..# * ,*
##.# * * #(# ,
+ ** #@# *
#.o#* , , .....
* *,* ,
P.#.#..# , ,
,,* ##h .#.#..,
, ,, * #.*.#,.
#. , , , #g
..,,. ,, , , ,
,.. .P ## ,, ,
*, , , , * ,


You could see Urug, Grum and a wolf.

Vanquished Creatures
  The ghost of Ajdolov the Chopper, an experienced FoFi (D:4)
  Prince Ribbit (D:8)
  A spriggan (D:8)
  2 orc warriors
  2 phantoms
  A sky beast (D:7)
  3 ogres
  2 wasps
  3 centaurs
  6 giant frogs
  A gnoll sergeant (D:5)
  3 scorpions
  2 jellies (D:7)
  3 crimson imps
  A giant frog zombie (D:7)
  2 iguanas
  4 hounds
  2 orc priests
  Jessica (D:2)
  8 orc wizards
  Terence (D:2)
  Natasha (thrice) (D:4)
  A gnoll shaman (D:6)
  3 worker ants
  3 hound skeletons
  4 adders
  A worker ant zombie (D:7)
  3 gnolls (D:6)
  A shadow imp (D:6)
  An ooze (D:1)
  3 adder skeletons
  3 worms
  21 orcs
  A ball python (D:4)
  A bat skeleton (D:7)
  4 giant cockroaches
  12 hobgoblins
  20 jackals
  2 quokkas
  8 bats
  2 giant geckos
  2 giant gecko skeletons (D:4)
  7 giant newts
  15 goblins
  8 kobolds
  17 rats
196 creatures vanquished.

Notes
Turn   | Place    | Note
--------------------------------------------------------------
     0 | D:1      | Goblin1989 the Deep Dwarf Berserker began the quest for the Orb.
     0 | D:1      | Reached XP level 1. HP: 20/20 MP: 1/1
   180 | D:1      | Reached XP level 2. HP: 20/27 MP: 2/2
   318 | D:1      | Reached skill level 4 in Maces & Flails
   321 | D:1      | Acquired Trog's second power
   585 | D:2      | Reached XP level 3. HP: 17/33 MP: 3/3
   741 | D:2      | Found a burning altar of Makhleb.
   741 | D:2      | Noticed a blizzard demon
   748 | D:2      | Noticed Terence
   765 | D:2      | Killed Terence
   829 | D:2      | Noticed Jessica
   832 | D:2      | Killed Jessica
   832 | D:2      | Reached skill level 5 in Maces & Flails
   832 | D:2      | Reached XP level 4. HP: 22/40 MP: 4/4
  1875 | D:3      | Reached XP level 5. HP: 36/46 MP: 5/5
  2110 | D:4      | Reached skill level 6 in Maces & Flails
  2122 | D:4      | Noticed Ajdolov's ghost (experienced FoFi)
  2162 | D:4      | Killed Ajdolov's ghost
  2162 | D:4      | Reached skill level 8 in Maces & Flails
  2162 | D:4      | Reached XP level 6. HP: 55/55 MP: 6/6
  2165 | D:4      | Reached XP level 7. HP: 44/61 MP: 7/7
  2245 | D:4      | Noticed Natasha
  2248 | D:4      | Killed Natasha
  2274 | D:4      | Noticed Natasha
  2279 | D:4      | Killed Natasha
  2396 | D:4      | Noticed Natasha
  2399 | D:4      | Killed Natasha
  2399 | D:4      | Acquired Trog's third power
  2746 | D:5      | Entered Level 5 of the Dungeon
  2762 | D:5      | Reached skill level 9 in Maces & Flails
  2895 | D:5      | Found Jietugod's Antique Armour Emporium.
  2904 | D:5      | Bought an embroidered hat for 96 gold pieces
  3054 | D:5      | Found a radiant altar of Vehumet.
  3431 | D:5      | Reached XP level 8. HP: 47/68 MP: 8/8
  3719 | D:6      | Reached skill level 10 in Maces & Flails
  3953 | D:6      | Found an opulent altar of Gozag.
  3958 | D:6      | Found a shattered altar of Ashenzari.
  4039 | D:6      | Found a staircase to the Ecumenical Temple.
  4467 | D:6      | Reached skill level 11 in Maces & Flails
  4495 | Temple   | Entered the Ecumenical Temple
  4551 | D:7      | Reached skill level 1 in Evocations
  4765 | D:7      | Found an ancient bone altar of Kikubaaqudgha.
  5049 | D:7      | Gained mutation: You passively map the area around you. [Deep Dwarf growth]
  5049 | D:7      | Reached XP level 9. HP: 69/74 MP: 12/12
  5133 | D:7      | Reached skill level 5 in Evocations
  5761 | D:8      | Reached skill level 12 in Maces & Flails
  5827 | D:8      | Found Suill's Armour Boutique.
  5872 | D:8      | Found a staircase to the Lair.
  6160 | D:8      | Noticed Prince Ribbit
  6204 | D:8      | Killed Prince Ribbit
  6497 | D:8      | Found Fochaipe's Assorted Antiques.
  6633 | D:8      | Found Byddanep's Book Shop.
  6857 | Lair:1   | Entered Level 1 of the Lair of Beasts
  6881 | Lair:1   | Noticed Urug
  6897 | Lair:1   | HP: 5/112 [Urug/battleaxe of flaming (1)]
  6898 | Lair:1   | Noticed Grum
  6901 | Lair:1   | Killed from afar by Urug

Vault maps used:
D:1:      lemuel_arrival_tunnels
D:2:      makhleb_altar_promises_db, fountainhead, uniq_jessica, uniq_terence
D:4:      first_bread, uniq_natasha
D:5:      serial_shops, shop_statue, basic_altar, hangedman_decor_growths,
          kennysheep_generic_room_14
D:6:      nicolae_overflow_hidden_temple, minmay_temple_entry_junction
D:7:      overflow_temple_1_default
D:8:      lair_0_dummy, serial_shops, shop, kennysheep_mini, shop, the_bakery,
          uniq_prince_ribbit1
Temple:   nicolae_temple_no_exploring_needed
Lair:1:   uniq_urug, uniq_grum, uniq_erica, uniq_sonja, uniq_gastronok

Action                   |  1- 3 |  4- 6 |  7- 9 || total
-------------------------+-------+-------+-------++-------
Melee: Mace              |    88 |   135 |   191 ||   414
       Whip              |       |       |   384 ||   384
Invok: Berserk           |     3 |     1 |    11 ||    15
       Trog's Hand       |       |     1 |     8 ||     9
Evoke: Wand              |       |     1 |     4 ||     5
  Use: Scroll            |       |       |     4 ||     4
 Stab: Sleeping          |     3 |       |       ||     3
  Eat: Chunk             |     2 |     5 |    26 ||    33
       Beef jerky        |       |       |     1 ||     1
